 Dungeon Crawl Stone Soup version 0.20-a0-339-g8ddb3e8 (webtiles) character file.

180184 Junicave the Thaumaturge (level 18, -3/112 HPs)
             Began as a Gargoyle Earth Elementalist on Dec 21, 2016.
             Was a High Priest of Vehumet.
             Slain by a spectral eight-headed hydra (9 damage)
             ... called from beyond by a ghost crab
             ... on level 4 of the Swamp on Dec 22, 2016.
             The game lasted 05:35:19 (54095 turns).

Junicave the Thaumaturge (GrEE)                    Turns: 54095, Time: 05:35:19

Health: -3/112     AC: 24    Str: 12    XL:     18   Next: 26%
Magic:  7/45       EV: 23    Int: 27    God:    Vehumet [*****.]
Gold:   2658       SH: 13    Dex: 26    Spells: 5/45 levels left

rFire  + . .     SeeInvis .     b - +8 falchion "Caom" {chaos, Int+3 Dex+8}
rCold  + . .     Gourm    .     B - +2 robe "Qosips" {rN+ Dex+4 Slay+2}
rNeg   + + .     Faith    .     t - +2 buckler
rPois  ∞         Spirit   .     l - +1 hat
rElec  +         Reflect  +     E - +1 cloak {MR+}
rCorr  .         Harm     .     s - +0 pair of gloves
MR     ++...     Clarity  +     r - +0 pair of boots
Stlth  +++.......               f - +4 amulet of reflection
                                N - +3 ring of evasion
                                R - ring of magical power

@: flying
A: big wings, horns 1, talons 2, yellow scales 1, agile 2, blurry vision 3,
clarity, cold resistance 1, deformed body, fire resistance 1, negative energy
resistance 1, electricity resistance, unbreathing, petrification resistance, rot
immunity, AC +13
a: Stop Flying, Renounce Religion


You were on level 4 of the Swamp.
You worshipped Vehumet.
Vehumet was extremely pleased with you.
You were full.

You visited 5 branches of the dungeon, and saw 29 of its levels.
You also visited: Labyrinth and Desolation.

You collected 2685 gold pieces.
You spent 27 gold pieces at shops.

Inventory:

Hand Weapons
 a - the +2 mace of Discretion {crush, +Blink Int+4 Dex+4}
   (You found it in a labyrinth)

   It inflicts extra damage upon your enemies.
   It affects your intelligence (+4).
   It affects your dexterity (+4).
   It lets you blink.
 b - the +8 falchion "Caom" (weapon) {chaos, Int+3 Dex+8}
   (You found it on level 7 of the Dungeon)

   Each time it hits an enemy it has a different, random effect.
   It affects your intelligence (+3).
   It affects your dexterity (+8).
Armour
 l - a +1 hat (worn)
 o - a +2 robe of the Archmagi
 r - a +0 pair of boots (worn)
 s - a +0 pair of gloves (worn)
 t - a +2 buckler (worn)
 B - the +2 robe "Qosips" (worn) {rN+ Dex+4 Slay+2}
   (You found it on level 6 of the Lair of Beasts)

   It affects your dexterity (+4).
   It affects your accuracy and damage with ranged weapons and melee attacks
   (+2).
   It protects you from negative energy.
 E - a +1 cloak of magic resistance (worn)
 W - a +2 ring mail of fire resistance
Magical Staves
 d - an uncursed staff of cold
 P - an uncursed staff of earth
Rods
 V - a +4 rod of clouds (12/12)
   (You took it off a minotaur in a labyrinth)
 X - a +4 rod of ignition (13/13)
   (You found it in a labyrinth)
Jewellery
 f - a +4 amulet of reflection (around neck)
 i - an uncursed ring of resist corrosion
 p - an uncursed ring of fire
 y - an uncursed ring of ice
 N - a +3 ring of evasion (right hand)
 R - a ring of magical power (left hand)
Wands
 h - a wand of polymorph (16/24)
 v - a wand of paralysis (3/24)
 z - a wand of iceblast (14/15)
 L - a wand of confusion (40/48)
 O - a wand of disintegration (19/24)
 Q - a wand of slowing (36/48)
Scrolls
 g - 10 scrolls of teleportation
 k - 8 scrolls of remove curse
 q - 3 scrolls of fear
 u - a scroll of magic mapping
 H - 3 scrolls of fog
 Y - 3 scrolls of identify
Potions
 m - a potion of heal wounds
 n - 6 potions of curing
 G - 4 potions of brilliance
 I - 5 potions of might
 K - 2 potions of haste
 U - 2 potions of cancellation
Books
 C - a book of Air

   Spells                             Type                      Level
   a - Shock                          Conjuration/Air              1
   b - Swiftness                      Charms/Air                   2
   c - Repel Missiles                 Charms/Air                   2
   d - Static Discharge               Conjuration/Air              3
   e - Lightning Bolt                 Conjuration/Air              5
 F - the Volume of Arcane Weapons
   (You found it on level 5 of the Lair of Beasts)

   Spells                             Type                      Level
   a - Shock                          Conjuration/Air              1
   b - Force Lance                    Conjuration/Translocation    4
   c - Bolt of Draining               Conjuration/Necromancy       5
   d - Bolt of Magma                  Conjuration/Fire/Earth       5
   e - Lightning Bolt                 Conjuration/Air              5
Miscellaneous
 x - a lamp of fire
 D - a phial of floods
 T - a crystal ball of energy
Comestibles
 j - 10 beef jerkies
 w - 12 fruits


   Skills:
 + Level 12.1 Fighting
 + Level 7.3 Maces & Flails
 - Level 6.7 Armour
 - Level 7.8 Dodging
 - Level 2.1 Stealth
 - Level 4.8 Shields
 * Level 14.3 Spellcasting
 + Level 11.9 Conjurations
   Level 0.7 Transmutations
 + Level 9.7 Fire Magic
 + Level 9.8 Ice Magic
 + Level 13.5 Earth Magic
 + Level 5.2 Poison Magic
 + Level 7.8 Evocations


You had 5 spell levels left.
You knew the following spells:

 Your Spells              Type           Power        Failure   Level  Hunger
a - Sandblast             Erth           ######       0%          1    None
b - Stone Arrow           Conj/Erth      ######       1%          3    None
c - Lee's Rapid Deconstr  Erth           #######...   1%          5    #......
d - Shock                 Conj/Air       ####         1%          1    None
e - Poison Arrow          Conj/Pois      ######....   4%          6    ####...
f - Throw Icicle          Conj/Ice       ######..     1%          4    None
g - Dazzling Spray        Conj/Hex       ######       1%          3    None
h - Fulminant Prism       Conj/Hex       ######....   1%          4    None
i - Iron Shot             Conj/Erth      ######....   1%          6    ####...
j - Delayed Fireball      Conj/Fire      N/A          10%         7    ######.
k - Fireball              Conj/Fire      ######....   1%          5    #......


Dungeon Overview and Level Annotations

Branches:
Dungeon (15/15) Temple (0/1) D:6 Lair (6/6) D:9 Swamp (4/4) Lair:3 Snake (0/4) Lair:4 Slime (0/5) Lair:6 Orc (2/2) D:12 Elf (2/3) Orc:2 Vaults (0/5) D:13 D:14 Depths (0/5) D:15

Altars:
Ashenzari
Hepliaklqana
Makhleb
Nemelex Xobeh
Ru
Sif Muna
Trog
Vehumet
Yredelemnul
Zin
The Shining One

Shops:
D:7 *   D:11 [   D:12 (   Orc:1 [   Orc:2 ([!!

Annotations:
D:12 A scroll of torment
Elf:2 Trans. Falschion near Exit


Innate Abilities, Weirdness & Mutations

You are resistant to torment.
Your stone body is resilient. (AC +13)
You are immune to poison.
Your large and strong wings let you fly indefinitely.
You resist negative energy. (rN+)
You are resistant to electric shocks. (rElec)
You can survive without breathing.
You are immune to petrification.
You are immune to rotting.
You have a pair of small horns on your head.
You have razor-sharp toenails.
You are partially covered in yellow scales. (AC +2)
You are very agile. (Dex +4)
Scrolls take you much longer to read.
You possess an exceptional clarity of mind.
Your flesh is cold resistant. (rC+)
Armour fits poorly on your strangely shaped body.
Your flesh is heat resistant. (rF+)


Message History

The spectral eight-headed hydra misses you.
The spectral eight-headed hydra completely misses you.
A five-headed hydra comes into view.
The five-headed hydra roars!
You feel better.
You are engulfed in spectral mist.
* * * LOW HITPOINT WARNING * * *
The ghost crab breathes spectral mist at you.
The spectral mist engulfs you!
You block the spectral tyrant leech's attack.
You block the spectral six-headed hydra's attack. x2
The spectral six-headed hydra completely misses you.
The spectral six-headed hydra bites you but does no damage.
You block the spectral six-headed hydra's attack.
The spectral six-headed hydra closely misses you.
The five-headed hydra is engulfed in spectral mist.
The spectral eight-headed hydra bites you but does no damage. x2
The spectral eight-headed hydra completely misses you.
The spectral eight-headed hydra closely misses you. x2
The spectral eight-headed hydra bites you!
You die...

♣.≈≈....≈.♣.<.≈.≈≈....≈≈≈≈.≈≈≈.≈
♣.≈≈≈≈≈≈≈.♣.≈≈≈≈≈...≈≈≈≈≈.§.≈≈≈.
≈.≈≈≈≈..≈.♣≈≈≈≈≈≈≈≈≈≈≈≈≈≈.....≈≈
[≈≈≈..≈≈≈[♣♣..≈≈≈≈≈≈≈≈≈≈§..≈≈≈≈≈
≈≈≈≈≈≈≈≈≈≈♣.≈§≈≈≈≈≈≈.§≈≈.≈.≈≈≈≈≈
≈.§≈≈≈≈≈≈≈≈♣≈.§≈§§≈.≈≈≈≈...≈≈≈≈≈
♣.≈≈≈≈≈≈≈≈♣♣♣♣♣§§§≈.†≈≈≈≈≈.§≈≈≈≈
♣≈.≈≈≈≈≈.♣♣ ♣§ZZ§..†.≈≈≈≈.....
♣♣♣♣...≈.≈ ♣♣@Z§§§.≈†§≈≈≈≈.♣♣
♣≈≈≈≈≈≈ ♣♣tD§...≈≈≈≈≈≈.♣ ≈.≈≈≈≈≈
♣♣♣§≈≈≈≈≈≈≈≈≈♣♣♣ ♣.≈≈.≈♣
♣...≈≈≈≈§♣.≈≈♣ ####
≈≈≈§#####.♣♣≈♣♣ #.#.# ##♣ ♣♣
..... . .(. P..


You could see a five-headed hydra, a ghost crab, a spectral tyrant leech, a
spectral eight-headed hydra and a spectral six-headed hydra.

Vanquished Creatures
  Nikola (Swamp:1)
  Rupert (D:15)
  Asterion (Elf:2)
  A deep elf blademaster (Elf:2)
  An acid blob (Lair:6)
  Gastronok (D:11)
  A thorn hunter (Swamp:4)
  Kirke (D:14)
  2 frost giants (D:12)
  A fire giant (D:12)
  A deep elf sorcerer (Elf:1)
  An orc warlord (Orc:1)
  An emperor scorpion (Swamp:4)
  6 dire elephants (Lair:6)
  A deep elf death mage (Elf:1)
  Snorg (D:12)
  A minotaur (Lab)
  An ogre mage (D:12)
  Erolcha (D:10)
  A fire dragon (D:15)
  A ragged hierophant (Desolation)
  Harold (Orc:1)
  9 hydras
  An ice dragon (D:15)
  A peacekeeper (Desolation)
  A ghost crab (Swamp:3)
  An anaconda (Lair:6)
  A servant of whispers (Desolation)
  2 centaur warriors
  7 two-headed ogres
  A catoblepas (D:15)
  5 alligators
  A tengu warrior (D:13)
  19 dancing weapons
  A queen ant (Lair:2)
  An orc high priest (Orc:1)
  Nergalle (Lair:3)
  14 deep elf knights
  Urug (D:11)
  Sonja (D:11)
  A flayed ghost (D:13)
  An unseen horror (D:13)
  2 shambling mangroves
  3 swamp dragons
  A wizard (D:15)
  41 deep elf magi
  5 deep elf archers
  3 orc knights
  An ugly thing (D:13)
  An oklob plant (Lair:6)
  An orc sorcerer (Orc:2)
  3 manticores
  5 black mambas
  Maurice (D:11)
  7 elephants
  27 spiny frogs
  A rime drake (shapeshifter) (Lair:2)
  A rime drake (Lair:4)
  12 komodo dragons
  2 yaktaurs
  2 polar bears
  6 trolls
  A wolf spider simulacrum (D:15)
  A meliai (shapeshifter) (D:12)
  A queen bee (D:8)
  A tengu conjurer (D:13)
  6 tyrant leeches
  7 hornets
  A merfolk (D:8)
  Prince Ribbit (D:7)
  11 bog bodies
  28 blink frogs
  5 slime creatures
  6 dream sheep
  11 saltlings
  5 hippogriffs
  63 yaks
  3 air elementals (Elf:1)
  2 vampires
  3 wraiths
  5 spriggans
  2 water elementals (Elf:2)
  4 wyverns
  3 shadows
  4 hogs
  14 vampire mosquitoes
  4 hungry ghosts
  2 fire elementals
  16 humans (D:13)
  A basilisk (Lair:5)
  9 insubstantial wisps
  4 wargs
  5 nagas (Lair:4)
  9 water moccasins
  17 swamp worms
  3 acid dragons
  19 soldier ants (Lair:2)
  12 porcupines
  42 orc warriors
  3 ice beasts
  9 swamp drakes
  2 sky beasts
  An ice beast (shapeshifter) (D:13)
  3 phantoms
  14 black bears
  18 centaurs
  8 ogres
  3 wolves (Lair:4)
  16 crocodiles
  6 big kobolds
  27 bullfrogs
  4 gnoll sergeants (D:8)
  An earth elemental (Elf:1)
  7 scorpions
  18 killer bees
  14 wights
  8 electric eels (D:8)
  10 howler monkeys
  4 lava snakes (Lab)
  6 bullfrog zombies
  12 crimson imps
  2 quasits (D:9)
  5 hounds
  5 bullfrog skeletons
  4 centaur skeletons
  7 jellies
  Crazy Yiuf (D:4)
  2 centaur zombies
  21 orc priests
  A gnoll shaman (D:8)
  2 iguanas
  Natasha (thrice) (D:4)
  31 orc wizards
  32 worker ants
  A hound skeleton (D:11)
  A hound zombie (D:7)
  3 worker ant zombies
  17 adders
  2 shadow imps
  2 oozes
  3 adder skeletons
  3 worms
  4 dart slugs
  The ghost of Vesto the Stinger, a weakling OpVM (D:4)
  7 leopard geckos
  80 orcs
  6 bats
  9 giant cockroaches
  11 hobgoblins
  9 jackals
  4 quokkas
  6 ball pythons
  4 frilled lizards
  6 goblins
  A jackal skeleton (D:6)
  27 kobolds
  A leopard gecko zombie (D:7)
  8 rats
  5 briar patches (Swamp:4)
  2 fungi
  15 pillars of salt (Elf:2)
  12 plants
1114 creatures vanquished.

Vanquished Creatures (collateral kills)
  A water moccasin (Lair:5)
1 creature vanquished.

Vanquished Creatures (others)
  Nessos (D:14)
  A ghost crab (Swamp:4)
  A deep elf knight (Elf:2)
  A saltling (Desolation)
  2 orc warriors (Orc:2)
  6 centaurs
  A wight (D:6)
  A hound (D:12)
  An orc wizard (D:6)
  A worker ant (Lair:2)
  3 orcs
  A giant cockroach (D:8)
  A briar patch (Swamp:4)
  27 fulminant prisms
  30 fungi
  26 plants
104 creatures vanquished.

Grand Total: 1219 creatures vanquished

Notes
Turn   | Place    | Note
-------+----------+-------------------------------------------
     0 | D:1      | Junicave the Gargoyle Earth Elementalist began the quest for the Orb.
     0 | D:1      | Reached XP level 1. HP: 10/10 MP: 3/3
   448 | D:1      | Reached XP level 2. HP: 14/15 MP: 5/5
  1145 | D:1      | Reached XP level 3. HP: 19/19 MP: 7/7
  1154 | D:1      | Reached skill level 3 in Spellcasting
  2158 | D:2      | Reached XP level 4. HP: 24/24 MP: 5/9
  2215 | D:2      | Learned a level 3 spell: Stone Arrow
  2534 | D:3      | Found a hazy altar of Hepliaklqana.
  2604 | D:3      | Found a basalt altar of Yredelemnul.
  3127 | D:3      | Reached XP level 5. HP: 28/28 MP: 8/10
  3259 | D:3      | Reached skill level 1 in Shields
  3279 | D:3      | Found a faded altar of an unknown god.
  3836 | D:4      | Reached skill level 1 in Maces & Flails
  3836 | D:4      | Reached skill level 1 in Armour
  3866 | D:4      | Reached skill level 4 in Spellcasting
  3866 | D:4      | Reached skill level 1 in Conjurations
  3866 | D:4      | Reached skill level 5 in Earth Magic
  3866 | D:4      | Reached XP level 6. HP: 25/32 MP: 0/12
  4260 | D:4      | Noticed Natasha
  4288 | D:4      | Noticed Vesto's ghost (weakling OpVM)
  4420 | D:4      | Killed Vesto's ghost
  4463 | D:4      | Killed Natasha
  4580 | D:4      | Reached XP level 7. HP: 36/36 MP: 10/13
  4620 | D:4      | Learned a level 5 spell: Lee's Rapid Deconstruction
  4715 | D:4      | Found a runed door.
  4719 | D:4      | Noticed Crazy Yiuf
  4724 | D:4      | Killed Crazy Yiuf
  4794 | D:5      | Entered Level 5 of the Dungeon
  4822 | D:5      | Found a shattered altar of Ashenzari.
  4876 | D:4      | Noticed Natasha
  4885 | D:4      | Killed Natasha
  5007 | D:4      | You fall through a shaft for 3 floors!
  5272 | D:7      | Found Ujumyokh's Assorted Antiques.
  5382 | D:7      | Reached skill level 1 in Fighting
  5493 | D:7      | Noticed Prince Ribbit
  5636 | D:7      | Killed Prince Ribbit
  5636 | D:7      | Reached XP level 8. HP: 19/44 MP: 2/15
  5873 | D:7      | Reached skill level 5 in Spellcasting
  6096 | D:7      | Got a crystal falchion
  6097 | D:7      | Identified the +8 falchion "Caom" {chaos, Int+3 Dex+8} (You found it on level 7 of the Dungeon)
  6784 | D:6      | Found a radiant altar of Vehumet.
  6936 | D:6      | Became a worshipper of Vehumet
  7158 | D:6      | Found a glowing silver altar of Zin.
  7159 | D:6      | Found a glowing golden altar of the Shining One.
  7163 | D:6      | Reached XP level 9. HP: 49/49 MP: 17/17
  7396 | D:6      | Found a staircase to the Ecumenical Temple.
  7934 | D:5      | Reached skill level 6 in Spellcasting
  8516 | D:5      | Found a burning altar of Makhleb.
  8866 | D:4      | Noticed Natasha
  8871 | D:4      | Killed Natasha
  9041 | D:7      | Reached * piety under Vehumet
  9041 | D:7      | Offered knowledge of Shock by Vehumet.
  9044 | D:7      | Learned a level 1 spell: Shock
  9175 | D:8      | Reached skill level 1 in Evocations
  9326 | D:8      | Reached XP level 10. HP: 45/57 MP: 20/20
  9428 | D:8      | Reached skill level 7 in Spellcasting
  9468 | D:7      | Gained mutation: You are agile. (Dex +2) [mutagenic meat]
  9469 | D:7      | Gained mutation: You are partially covered in yellow scales. (AC +2) [mutagenic meat]
  9470 | D:7      | Gained mutation: Scrolls take you a little longer to read. [mutagenic meat]
  9471 | D:7      | Gained mutation: Your flesh is heat resistant. (rF+) [mutagenic meat]
  9472 | D:7      | Gained mutation: You are very agile. (Dex +4) [mutagenic meat]
  9596 | D:8      | Reached skill level 5 in Armour
  9645 | D:7      | Reached skill level 5 in Conjurations
  9900 | D:8      | Offered knowledge of Flame Tongue by Vehumet.
  9903 | D:8      | Learned a level 1 spell: Flame Tongue
  9921 | D:8      | Reached ** piety under Vehumet
 10341 | D:8      | Reached skill level 5 in Fighting
 10454 | D:8      | Noticed a two-headed ogre
 10464 | D:8      | Killed a two-headed ogre
 10807 | D:8      | Reached XP level 11. HP: 50/64 MP: 22/22
 10860 | D:8      | Reached skill level 5 in Dodging
 10861 | D:8      | Offered knowledge of Throw Frost by Vehumet.
 10861 | D:8      | Reached skill level 8 in Spellcasting
 11127 | D:8      | Found a shattered altar of Ashenzari.
 11208 | D:8      | Noticed a two-headed ogre
 11226 | D:8      | Killed a two-headed ogre
 11706 | D:8      | Reached *** piety under Vehumet
 12083 | D:9      | Offered knowledge of Throw Icicle by Vehumet.
 12196 | D:9      | Found a staircase to the Lair.
 12302 | D:9      | Learned a level 4 spell: Throw Icicle
 12337 | D:9      | Gained mutation: Scrolls take you longer to read. [mutagenic meat]
 12338 | D:9      | Gained mutation: You have a pair of small horns on your head. [mutagenic meat]
 12340 | D:9      | Gained mutation: Scrolls take you much longer to read. [mutagenic meat]
 12901 | D:9      | Gained mutation: Your flesh is cold resistant. (rC+) [potion of mutation]
 13319 | D:9      | Found a deep blue altar of Sif Muna.
 13340 | D:9      | Reached **** piety under Vehumet
 13470 | D:10     | Entered Level 10 of the Dungeon
 13637 | D:10     | Noticed Erolcha
 13646 | D:10     | Killed Erolcha
 13646 | D:10     | Reached skill level 9 in Spellcasting
 13646 | D:10     | Reached skill level 1 in Ice Magic
 13786 | D:10     | Learned a level 3 spell: Dazzling Spray
 13792 | D:10     | Found a sacrificial altar of Ru.
 13918 | D:10     | Noticed a two-headed ogre
 13930 | D:10     | Killed a two-headed ogre
 13930 | D:10     | Reached skill level 1 in Fire Magic
 14123 | D:10     | Reached XP level 12. HP: 70/70 MP: 25/25
 14144 | D:10     | Offered knowledge of Fulminant Prism by Vehumet.
 14387 | D:10     | Learned a level 4 spell: Fulminant Prism
 14531 | D:10     | Noticed a two-headed ogre
 14535 | D:10     | Killed a two-headed ogre
 15070 | D:11     | Noticed Urug
 15087 | D:11     | Killed Urug
 15495 | D:11     | Noticed Gastronok
 15505 | D:11     | Killed Gastronok
 15505 | D:11     | Reached skill level 5 in Evocations
 15792 | D:11     | Noticed Maurice
 15799 | D:11     | Killed Maurice
 15962 | D:11     | Found Bemmycw's Armour Emporium.
 15993 | D:11     | Found a sparkling altar of Nemelex Xobeh.
 16078 | D:11     | Noticed Sonja
 16083 | D:11     | Killed Sonja
 16337 | D:11     | Found Bemmycw's Armour Emporium.
 16392 | D:11     | Found a sparkling altar of Nemelex Xobeh.
 16938 | D:12     | Noticed a two-headed ogre
 16943 | D:12     | Killed a two-headed ogre
 16963 | D:12     | Noticed Snorg
 16969 | D:12     | Killed Snorg
 17118 | D:12     | Reached ***** piety under Vehumet
 17124 | D:12     | Offered knowledge of Yara's Violent Unravelling by Vehumet.
 17362 | D:12     | Reached skill level 10 in Spellcasting
 17382 | D:12     | Reached XP level 13. HP: 72/76 MP: 27/27
 17395 | D:12     | Noticed a frost giant
 17459 | D:12     | Noticed an ogre mage
 17491 | D:12     | Killed an ogre mage
 18146 | Lair:1   | Entered Level 1 of the Lair of Beasts
 19304 | Lair:2   | Reached skill level 5 in Maces & Flails
 19525 | Lair:2   | Reached skill level 10 in Earth Magic
 19875 | Lair:2   | Gained mutation: You have an increased reservoir of magic. (+10% MP) [mutagenic meat]
 19876 | Lair:2   | Lost mutation: You have an increased reservoir of magic. (+10% MP) [mutagenic meat]
 19877 | Lair:2   | Gained mutation: Armour fits poorly on your strangely shaped body. [mutagenic meat]
 21735 | Lair:3   | Offered knowledge of Airstrike by Vehumet.
 21867 | Lair:3   | Found a staircase to the Swamp.
 21914 | Lair:3   | Noticed Nergalle
 21928 | Lair:3   | Killed Nergalle
 21928 | Lair:3   | Reached skill level 5 in Fire Magic
 22652 | Lair:3   | Found a staircase to the Swamp.
 23103 | Lair:3   | Gained mutation: Your large and strong wings let you fly indefinitely. [Gargoyle growth]
 23103 | Lair:3   | Reached XP level 14. HP: 84/84 MP: 28/28
 23539 | Lair:4   | Reached skill level 5 in Ice Magic
 23648 | Lair:4   | Found a staircase to the Snake Pit.
 24533 | Lair:5   | Reached skill level 11 in Spellcasting
 24716 | Lair:5   | Identified the Volume of Arcane Weapons
 24830 | Lair:5   | Found a labyrinth entrance.
 24839 | Lab      | Entered a labyrinth
 25854 | Lab      | Identified a +4 rod of ignition (13/13) (You found it in a labyrinth)
 25910 | Lab      | Got a translucent mace
 25911 | Lab      | Identified the +2 mace of Discretion {crush, +Blink Int+4 Dex+4} (You found it in a labyrinth)
 25918 | Lab      | Identified a +4 rod of clouds (12/12) (You took it off a minotaur in a labyrinth)
 26601 | Lair:6   | Entered Level 6 of the Lair of Beasts
 27448 | Lair:6   | Learned a level 6 spell: Iron Shot
 27563 | Lair:6   | Found a staircase to the Slime Pits.
 28738 | Lair:6   | Got a faintly glowing robe
 28749 | Lair:6   | Identified the +2 robe "Qosips" {rN+ Dex+4 Slay+2} (You found it on level 6 of the Lair of Beasts)
 28897 | Lair:6   | Noticed a dire elephant
 28904 | Lair:6   | Killed a dire elephant
 29050 | Lair:6   | Noticed a dire elephant
 29057 | Lair:6   | Killed a dire elephant
 29223 | Lair:6   | Reached XP level 15. HP: 41/90 MP: 18/30
 30017 | Lair:6   | Identified the Grimoire of Earthen Heat
 30282 | Lair:6   | Offered knowledge of Delayed Fireball by Vehumet.
 30495 | Lair:6   | Noticed an acid blob
 30500 | Lair:6   | Killed an acid blob
 32272 | D:12     | Killed a frost giant
 32429 | D:12     | Found Qoraez's Weapon Emporium.
 32429 | D:12     | Found a staircase to the Orcish Mines.
 32637 | D:12     | Found a burning altar of Makhleb.
 32926 | D:12     | Noticed a fire giant
 32947 | D:12     | Noticed a frost giant
 32947 | D:12     | Killed a fire giant
 33530 | D:12     | Found Qoraez's Weapon Emporium.
 33532 | D:12     | Found a staircase to the Orcish Mines.
 33880 | Lair:2   | Learned a level 7 spell: Delayed Fireball
 34086 | D:12     | Found a burning altar of Makhleb.
 34256 | D:12     | Killed a frost giant
 34256 | D:12     | Reached skill level 12 in Spellcasting
 35198 | D:13     | Gained mutation: You have sharp toenails. [mutagenic meat]
 36598 | D:14     | Found a gate to the Vaults.
 36612 | D:13     | Offered knowledge of Fireball by Vehumet.
 36649 | D:13     | Reached skill level 10 in Fighting
 36680 | D:13     | Reached skill level 10 in Conjurations
 37189 | D:14     | Learned a level 5 spell: Fireball
 37249 | D:14     | Noticed Nessos
 37258 | D:14     | Killed Nessos
 37738 | D:14     | Noticed Kirke
 37750 | D:14     | Killed Kirke
 37752 | D:14     | Gained mutation: You have razor-sharp toenails. [potion of mutation]
 37752 | D:14     | Lost mutation: You are very agile. (Dex +4) [potion of mutation]
 38417 | D:15     | Entered Level 15 of the Dungeon
 38474 | D:15     | Gained mutation: You are very agile. (Dex +4) [potion of mutation]
 38597 | D:15     | Reached XP level 16. HP: 97/97 MP: 32/32
 38604 | D:15     | Noticed Rupert
 38918 | D:15     | Killed Rupert
 39151 | D:15     | Found a staircase to the Depths.
 39972 | Orc:1    | Entered Level 1 of the Orcish Mines
 39983 | Orc:1    | Noticed Harold
 39996 | Orc:1    | Killed Harold
 40198 | Orc:1    | Found Vemnorio's Antique Armour Shoppe.
 40346 | Orc:1    | Found a bloodstained altar of Trog.
 40693 | Orc:2    | Entered Level 2 of the Orcish Mines
 40700 | Orc:2    | Found a staircase to the Elven Halls.
 40721 | Orc:2    | Offered knowledge of Poison Arrow by Vehumet.
 41409 | Orc:2    | Found a deep blue altar of Sif Muna.
 41432 | Orc:2    | Identified Sif Muna's Tome of the Blaze
 41865 | Orc:2    | Found Ovigonill's Distillery.
 41865 | Orc:2    | Found Gerchal's Armour Shoppe.
 41867 | Orc:2    | Found Miuret's Weapon Emporium.
 41869 | Orc:2    | Found Hytas's Distillery.
 41934 | Orc:2    | Bought a potion of mutation for 27 gold pieces
 41934 | Orc:2    | Gained mutation: You possess an exceptional clarity of mind. [potion of mutation]
 42383 | Elf:1    | Entered Level 1 of the Elven Halls
 42668 | Lair:2   | Learned a level 6 spell: Poison Arrow
 42874 | Elf:1    | Reached skill level 13 in Spellcasting
 43829 | Elf:1    | Identified Beass's Handbook of Conjuration
 44897 | Elf:2    | Found a ruined gateway.
 45388 | Desolati | Entered the Desolation of Salt
 46547 | Elf:2    | Reached XP level 17. HP: 104/104 MP: 34/34
 46674 | Elf:2    | Found a runed gate.
 46679 | Elf:2    | Found a runed gate.
 46679 | Elf:2    | Found a runed gate.
 46823 | Elf:2    | Got a translucent falchion
 46824 | Elf:2    | Identified the +9 falchion of the Sea {venom, Dex+7} (You found it on level 2 of the Elven Halls)
 47059 | Lair:2   | Upgraded the game from 0.20-a0-317-gc038824 to 0.20-a0-339-g8ddb3e8
 47493 | Elf:2    | Reached skill level 1 in Poison Magic
 48032 | Elf:2    | Noticed Asterion
 48051 | Elf:2    | Noticed an Executioner
 48057 | Elf:2    | Killed Asterion
 48660 | Elf:2    | Offered knowledge of Bolt of Fire by Vehumet.
 48662 | Elf:2    | Noticed a deep elf blademaster
 48767 | Elf:2    | Killed a deep elf blademaster
 49139 | Elf:2    | Got an encrusted bardiche
 50265 | Swamp:1  | Entered Level 1 of the Swamp
 50726 | Swamp:1  | Identified Pose's Tome of Boosts and Curses
 50968 | Swamp:1  | Reached skill level 14 in Spellcasting
 51210 | Swamp:1  | Noticed Nikola
 51217 | Swamp:1  | Killed Nikola
 52637 | Swamp:3  | Reached XP level 18. HP: 95/112 MP: 33/36
 53086 | Swamp:3  | Offered knowledge of Conjure Ball Lightning by Vehumet.
 53350 | Swamp:3  | Reached skill level 5 in Poison Magic
 53852 | Swamp:4  | Entered Level 4 of the Swamp
 54095 | Swamp:4  | HP: 5/112 [ghost crab] (9)]
 54095 | Swamp:4  | Slain by a spectral eight-headed hydra

Vault maps used:
D:1:      dpeg_arrival_leaves_temple_mockup
D:2:      first_bread, serial_bayou_pond_d, minmay_liquid_box
D:3:      old_standard_altar, lemuel_doored_altar,
          chequers_ecumenical_altar_lobes
D:4:      uniq_natasha, uniq_crazy_yiuf_cottage
D:5:      lightli_temple_of_fire, lemuel_tele_altar
D:6:      fiery_altar_vehumet, gammafunk_temple_overflow_statue,
          grunt_decor_resistance
D:7:      lemuel_upstairs_altar, serial_shops, nicolae_shop_overgrown_old_shop,
          roderic_serpentine_path, uniq_prince_ribbit1
D:8:      kennysheep_town
D:9:      marbit_many_paths, david_lair_shrubbed, david_nohive_1
D:10:     nicolae_ru_awakened_eye, uniq_erolcha
D:11:     serial_shops, shop, nemelex_xobeh_ov_fountains_minmay, uniq_urug,
          uniq_maurice, uniq_gastronok, uniq_sonja
D:12:     thingy_vault, orc_david_3, lemuel_statue_altar, uniq_snorg
D:14:     david_vaults_3, grunt_decor_arrowhead, uniq_kirke, uniq_nessos
D:15:     grunt_enter_depths_hoard, minmay_misc_feat_iff, uniq_rupert
Lair:2:   minivault_29
Lair:3:   minmay_swamp_entry_worms, serial_bayou_lagoon_a, uniq_nergalle
Lair:4:   minmay_snake_entry_guardpost_medium, infiniplex_staircase_pool,
          lemuel_fruit_tree, lemuel_fruit_fields
Lair:5:   lab_entry_generic
Lair:6:   due_jungle_book, minmay_slime_entry_oklob_open, serial_bayou_shore_b
Swamp:1:  evilmike_swamp_ruin_rubble_1, swamp_pool1, uniq_nikola
Swamp:2:  hangedman_swamp_blocks
Swamp:3:  hangedman_swamp_ruin_wall, swamp_pool1
Swamp:4:  grunt_swamp_rune_castle
Orc:1:    serial_shops, shop, bloody_trog, uniq_harold
Orc:2:    st_orc_rangers, nicolae_orc_sculptors_studio, led_sif_book
Elf:1:    minmay_elf_annihilation
Elf:2:    portal_desolation_entry_garden, lemuel_elevator, uniq_asterion
Lab:      labyrinth_mini_lab, labyrinth_lava_lair, labyrinth_fake_exit

Skill      XL: |  1  2  3  4  5  6  7  8  9 10 11 12 13 14 15 16 17 18 |
---------------+-------------------------------------------------------+-----
Spellcasting   | 3 4 5 6 7 9 10 11 12 13 14 | 14.3
Earth Magic    | 4 5 6 7 9 10 11 12 13 | 13.5
Shields        | 1 2 3 4 |  4.8
Maces & Flails | 1 2 3 4 5 6 7 |  7.3
Armour         | 1 2 3 4 6 |  6.7
Dodging        | 2 3 4 5 6 7 |  7.8
Conjurations   | 1 2 3 4 5 6 7 8 9 10 11 | 11.9
Fighting       | 1 2 4 5 6 7 8 9 10 11 12 | 12.1
Evocations     | 1 3 4 5 6 7 |  7.8
Ice Magic      | 1 3 4 6 7 8 9 |  9.8
Fire Magic     | 1 3 5 6 7 8 9 |  9.7
Poison Magic   | 4 5 |  5.2
Stealth        | |  2.1
Transmutations | |  0.7

Action                   |  1- 3 |  4- 6 |  7- 9 | 10-12 | 13-15 | 16-18 || total
-------------------------+-------+-------+-------+-------+-------+-------++-------
Melee: Unarmed           |    14 |       |       |       |       |       ||    14
       Whip              |     7 |    66 |       |       |       |       ||    73
       Hunting sling     |       |     1 |       |       |       |       ||     1
       Falchion          |       |       |   149 |   310 |   538 |   398 ||  1395
       Headbutt          |       |       |       |    47 |   192 |   147 ||   386
       Mace              |       |       |       |       |    67 |    12 ||    79
 Fire: Hunting sling     |    51 |   162 |    94 |       |       |       ||   307
Throw: Stone             |       |       |    18 |       |       |       ||    18
 Cast: Sandblast         |    19 |    65 |    21 |    16 |    24 |    16 ||   161
       Stone Arrow       |       |       |    49 |   158 |   219 |   223 ||   649
       Shock             |       |       |     9 |    47 |    75 |   122 ||   253
       Flame Tongue      |       |       |       |    31 |    49 |       ||    80
       Throw Icicle      |       |       |       |    30 |   261 |   263 ||   554
       Lee's Rapid Decon |       |       |       |    19 |    14 |    39 ||    72
       Dazzling Spray    |       |       |       |    18 |    13 |     9 ||    40
       Fulminant Prism   |       |       |       |     7 |    15 |     5 ||    27
       Iron Shot         |       |       |       |       |    72 |    66 ||   138
       Fireball          |       |       |       |       |     1 |    12 ||    13
       Delayed Fireball  |       |       |       |       |       |     1 ||     1
       Poison Arrow      |       |       |       |       |       |     5 ||     5
 Abil: Fly               |       |       |       |       |     1 |       ||     1
       Evoke Blink       |       |       |       |       |       |    14 ||    14
       Release Delayed F |       |       |       |       |       |     1 ||     1
Evoke: Wand              |       |       |       |       |     3 |    11 ||    14
       Sack of spiders   |       |       |       |       |     6 |       ||     6
       Lamp of fire      |       |       |       |       |       |     1 ||     1
       Crystal ball of e |       |       |       |       |       |     1 ||     1
  Use: Scroll            |       |     1 |    11 |     4 |    17 |     9 ||    42
       Potion            |       |       |       |     7 |     4 |    11 ||    22
 Stab: Sleeping          |     1 |       |     2 |     2 |     5 |       ||    10
       Paralysed         |       |       |     3 |     4 |    13 |     4 ||    24
       Distracted        |       |       |     2 |     1 |     1 |       ||     4
       Petrified         |       |       |     4 |       |     9 |     5 ||    18
       Confused          |       |       |     1 |     1 |       |     1 ||     3
       Invisible         |       |       |       |     2 |     4 |       ||     6
       Petrifying        |       |       |       |       |     1 |       ||     1
  Eat: Chunk             |     4 |     7 |    17 |    40 |    68 |    34 ||   170
       Pizza             |       |       |       |       |     2 |     2 ||     4
       Bread ration      |       |       |       |       |     6 |     4 ||    10
       Fruit             |       |       |       |       |     2 |    13 ||    15
       Meat ration       |       |       |       |       |       |     1 ||     1
Armor: Robe              |    33 |     9 |       |    25 |   228 |   224 ||   519
       Leather armour    |       |    31 |    84 |       |       |       ||   115
       Ring mail         |       |       |    25 |   131 |     2 |       ||   158
       Troll leather arm |       |       |       |    12 |       |       ||    12
Dodge: Dodged            |    29 |    60 |   159 |   361 |   709 |   566 ||  1884
Block: Buckler           |     7 |    22 |    56 |   148 |   468 |   440 ||  1141
       Reflection        |       |       |       |       |    22 |    53 ||    75
       Rpst.: Falchion   |       |       |    23 |   109 |   168 |    97 ||   397
